 Dungeon Sprint DCSS version 0.28-a0-1236-gb25a51b929 (webtiles) character file.

Game seed: 9645048648163150990

140 rocky1 the Spear-Bearer (level 5, -1/42 HPs)
             Began as a Minotaur Gladiator on Dec 26, 2021.
             Was a Follower of Okawaru.
             Slain by a gnoll (5 damage)
             ... in the Dungeon (Sprint VII: "The Pits").
             The game lasted 00:01:22 (363 turns).

rocky1 the Spear-Bearer (Minotaur Gladiator)         Turns: 363, Time: 00:01:23

Health: -1/42      AC:  3    Str: 19    XL:     5   Next: 2%
Magic:  4/4        EV: 12    Int:  7    God:    Okawaru [*.....]
Gold:   0          SH:  0    Dex: 11    Spells: 4/4 levels left

rFire   . . .      SeeInvis .   a - +0 trident
rCold   . . .      Faith    .   (no shield)
rNeg    . . .      Spirit   .   b - +0 leather armour
rPois   .          Reflect  .   c - +0 hat
rElec   .          Harm     .   (no cloak)
rCorr   .          Rampage  .   (no gloves)
Will    .....      NoTele   +   (no boots)
Stlth   +.........              (no amulet)
HPRegen 0.14/turn               (no ring)
MPRegen 0.09/turn               (no ring)

@: on berserk cooldown, slowed, very slow
A: horns 2, retaliatory headbutt
a: Renounce Religion, Heroism


You were in the Dungeon.
You worshipped Okawaru.
Okawaru was aware of your devotion.
You visited 1 branch

Inventory:

Hand Weapons
 a - a +0 trident (weapon)
Missiles
 d - 3 throwing nets (quivered)
Armour
 b - a +0 leather armour (worn)
 c - a +0 hat (worn)
Scrolls
 j - a scroll of blinking
 l - 5 scrolls of amnesia
 m - a scroll of summoning
Potions
 e - a potion of curing
 g - a potion of haste
 h - 4 potions of magic
 i - 2 potions of berserk rage
 k - 2 potions of invisibility


   Skills:
 - Level 2.4 Fighting
 + Level 12.4 Polearms
 - Level 2.0 Throwing
 - Level 3.2 Dodging


You had 4 spell levels left.
You didn't know any spells.
Your spell library was empty.

Dungeon Overview and Level Annotations

Branches:
Dungeon (1/1)

Altars:
Ashenzari
Cheibriados
Dithmenos
Elyvilon
Fedhas
Gozag
Hepliaklqana
Kikubaaqudgha
Makhleb
Nemelex Xobeh
Okawaru
Qazlal
Ru
Sif Muna
Trog
Uskayaw
Vehumet
Wu Jian
Xom
Yredelemnul
Zin
The Shining One
Beogh
Jiyva
Lugonu


Innate Abilities, Weirdness & Mutations

You have a pair of horns on your head.
You reflexively headbutt those who attack you in melee.


Message History

You feel yourself slow down.
There is an open door, spattered with blood here.
Items here: )) ††.
You barely miss the hobgoblin. The hobgoblin closely misses you.
You barely miss the hobgoblin. Your headbutt misses the hobgoblin.
The hobgoblin misses you. You furiously retaliate!
You headbutt the hobgoblin!
You kill the hobgoblin!
Okawaru accepts your kill.
A gnoll comes into view. It is wielding a +0 spear.
The goblin shouts!
The gnoll shouts!
There is an open door here.
You see here a hobgoblin corpse.
Unknown command.
There is an open door, spattered with blood here.
Items here: )) ††.
Things that are here:
a +0 club; a gnoll corpse
There is an open door, spattered with blood here.
Things that are here:
a +0 spear; a +0 ring mail Reach: a) +0 trident
Press: ? - help, Dir - move target, f - goblin
Aim: a goblin, wielding a +0 dagger (about 44% to evade your +0 trident)
You reach to attack!
You puncture the goblin!
You kill the goblin!
Okawaru accepts your kill.
Reach: a) +0 trident
Press: ? - help, Dir - move target, f - gnoll
Aim: a gnoll, wielding a +0 spear (about 34% to evade your +0 trident)
You reach to attack!
You hit the gnoll.
The gnoll is heavily wounded.
The gnoll misses you.
Unknown command.
Reach: a) +0 trident
Press: ? - help, Dir - move target, f/p - gnoll
Aim: a gnoll, wielding a +0 spear (heavily wounded, about 34% to evade your +0 trident)
You reach to attack!
You hit the gnoll.
The gnoll is severely wounded.
The gnoll hits you from afar with a +0 spear.
You die...

############
#_________.#
#_________.#
#_______...###########++
##########'##...........
#.?(.')))'.##......#..#.
##########.##÷..........
#.....).....'...........
#+#####@#####......#..#.
#..#).#..##...........
#..g.)'..#####'#####++
##†####+###.......#
#....g.g.##.......#
#........##.......#
#####+#####...<...#
#.......# #.......#


You could see a gnoll.

Vanquished Creatures
  A gnoll sergeant (D)
  5 gnolls (D)
  An adder (D)
  An ufetubus (D)
  A bat skeleton (D)
  2 giant cockroaches (D)
  A goblin (D)
  A hobgoblin (D)
  3 jackals (D)
16 creatures vanquished.

Notes
Turn   | Place    | Note
-------+----------+-------------------------------------------
     0 | D        | rocky1 the Minotaur Gladiator began the quest for the Orb.
     0 | D        | Reached XP level 1. HP: 18/18 MP: 0/0
    17 | D        | Reached skill level 4 in Polearms
    18 | D        | Reached skill level 5 in Polearms
    52 | D        | Found a bloodstained altar of Trog.
    52 | D        | Found a shimmering blue altar of Sif Muna.
    52 | D        | Found a viscous altar of Jiyva.
    52 | D        | Found a hazy altar of Hepliaklqana.
    52 | D        | Found an opulent altar of Gozag.
    54 | D        | Found a glowing golden altar of the Shining One.
    54 | D        | Found a glowing silver altar of Zin.
    54 | D        | Found a basalt altar of Yredelemnul.
    54 | D        | Found a shimmering altar of Xom.
    54 | D        | Found an ornate altar of the Wu Jian Council.
    54 | D        | Found a sacrificial altar of Ru.
    54 | D        | Found a stormy altar of Qazlal.
    54 | D        | Found an iron altar of Okawaru.
    54 | D        | Found a sparkling altar of Nemelex Xobeh.
    54 | D        | Found a burning altar of Makhleb.
    54 | D        | Found a blossoming altar of Fedhas.
    54 | D        | Found a white marble altar of Elyvilon.
    54 | D        | Found a shadowy altar of Dithmenos.
    54 | D        | Found a snail-covered altar of Cheibriados.
    56 | D        | Found a radiant altar of Vehumet.
    56 | D        | Found a corrupted altar of Lugonu.
    86 | D        | Found an ancient bone altar of Kikubaaqudgha.
    86 | D        | Found a hide-covered altar of Uskayaw.
    86 | D        | Found a broken altar of Ashenzari.
    90 | D        | Became a worshipper of Warmaster Okawaru
   113 | D        | Reached skill level 6 in Polearms
   113 | D        | Reached XP level 2. HP: 21/25 MP: 1/1
   160 | D        | Reached skill level 7 in Polearms
   329 | D        | Noticed a gnoll sergeant
   338 | D        | Reached skill level 8 in Polearms
   338 | D        | Reached XP level 3. HP: 8/30 MP: 2/2
   344 | D        | Killed a gnoll sergeant
   344 | D        | Reached * piety under Okawaru
   345 | D        | Reached skill level 11 in Polearms
   345 | D        | Reached XP level 4. HP: 25/37 MP: 3/3
   352 | D        | Reached skill level 12 in Polearms
   353 | D        | Reached XP level 5. HP: 4/42 MP: 4/4
   363 | D        | Slain by a gnoll

Illustrated notes

Levels and vault maps discovered:
D:        pitsprint [storerooms_1, entrance_room_1, metal_vault_2, armoury_2,
          mini_pit_1, grid_room_1, main_hall_1, silver_pit, the_coven_3,
          the_vestibule_1, steel_vault_5, golden_pit, hallway_of_sentries,
          crystal_vault_1, iron_vault_3, final_vault]

Skill      XL: |  1  2  3  4 |
---------------+-------------+-----
Polearms       | 6 8 11 12 | 12.4
Fighting       | |  2.4
Throwing       | |  2.0
Dodging        | |  3.2

Action                   |  1- 3 |  4- 6 || total
-------------------------+-------+-------++-------
Melee: Trident           |    23 |    12 ||    35
       Headbutt          |     4 |       ||     4
  Use: Potion            |     2 |       ||     2
Armor: Leather armour    |     1 |       ||     1
Dodge: Dodged            |    10 |     3 ||    13

Table legend: (Time is in decaauts)
 A = Elapsed time spent in this place.
 B = Non-inter-level travel time spent in this place.
 C = Inter-level travel time spent in this place.
 D = Time resting spent in this place.
 E = Time spent auto-exploring this place.
 F = Levels seen in this place.
 G = Mean time per level.
                   A        B        C        D        E       F      G
               +--------+--------+--------+--------+--------+-----+--------+
         Total |    359 |    348 |     11 |    229 |      0 |   1 |  359.0 |
       Dungeon |    359 |    348 |     11 |    229 |      0 |   1 |  359.0 |
               +--------+--------+--------+--------+--------+-----+--------+

Top non-repeatable levels by time:
       D: 359 daAuts
